 Dungeon Crawl Stone Soup version 0.30-a0-782-ge64f9170bb (webtiles) character file.

Game seed: 8400464566735464766

243 Crownlay the Digger (level 6, -1/36 HPs)
             Began as an Octopode Earth Elementalist on Mar 5, 2023.
             Was an Initiate of Vehumet.
             Slain by Duvessa
             ... wielding a +0 short sword
              (6 damage)
             ... on level 4 of the Dungeon on Mar 6, 2023.
             The game lasted 00:07:20 (3362 turns).

Crownlay the Digger (Octopode Earth Elementalist)   Turns: 3362, Time: 00:07:21

Health: -1/36      AC:  1    Str:  7    XL:     6   Next: 9%
Magic:  0/10       EV: 13    Int: 20    God:    Vehumet [......]
Gold:   185        SH:  0    Dex: 12    Spells: 7/11 levels left

rFire   . . .      SeeInvis .    l - +0 dagger
rCold   . . .      Faith    .    (no shield)
rNeg    . . .      Spirit   .    (helmet restricted)
rPois   .          Reflect  .    (no amulet)
rElec   .          Harm     .    (no ring)
rCorr   .          Rampage  .    (no ring)
Will    .....                    (no ring)
Stlth   +++                      (no ring)
HPRegen 0.26/turn                (no ring)
MPRegen 0.12/turn                (no ring)
                                 (no ring)
                                 (no ring)

@: no status effects
A: almost no armour, amphibious, 8 rings, camouflage 1, gelatinous body 1,
(nimble swimmer 1), tentacles
a: Renounce Religion


You were on level 4 of the Dungeon.
You worshipped Vehumet.
Vehumet was noncommittal.
You visited 1 branch of the dungeon, and saw 4 of its levels.

You collected 185 gold pieces.

Inventory:

Hand Weapons
 l - a +0 dagger (weapon)
Wands
 j - a wand of quicksilver (10)
Scrolls
 c - a scroll of identify
 h - 4 scrolls of teleportation
 i - a scroll of amnesia {unknown}
Potions
 a - 2 potions of magic
 b - a potion of ambrosia {unknown}
 d - a potion of flight {unknown}
 e - 2 potions of might
 f - a potion of degeneration {unknown}
 g - 3 potions of heal wounds
 k - 2 potions of lignification
 m - a potion of mutation {unknown}


   Skills:
 - Level 2.0 Dodging
 - Level 2.6 Stealth
 + Level 3.2 Spellcasting
 + Level 3.0 Transmutations
 * Level 5.1 Earth Magic


You had 7 spell levels left.
You knew the following spells:

 Your Spells              Type           Power      Damage    Failure   Level
a - Sandblast             Erth           46%        2d11      1%          1
b - Stone Arrow           Conj/Erth      26%        3d8       14%         3

Your spell library contained the following spells:

 Spells                   Type           Power      Damage    Failure   Level
 Passwall                 Tmut/Erth      15%        N/A       4%          2
 Petrify                  Tmut/Erth      19%        N/A       26%         4


Dungeon Overview and Level Annotations

Branches:
Dungeon (4/15)
 Temple: D:4-7

Altars:
Cheibriados
Fedhas
Hepliaklqana
Kikubaaqudgha
Makhleb
Nemelex Xobeh
Trog
Uskayaw
Vehumet

Shops:
D:3 [

Annotations:
D:4 Duvessa


Innate Abilities, Weirdness & Mutations

You cannot wear most types of armour.
You are amphibious.
You can wear up to eight rings at the same time.
Your skin changes colour to match your surroundings (Stealth+).
Your rubbery body absorbs attacks. (AC +1, EV +1)
((You are camouflaged when in or above water. (Stealth+)))
You have tentacles for arms and can constrict up to eight enemies at once.


Message History

a - 2 potions of magic (gained 1)
There is an escape hatch in the floor here.
h - 3 scrolls of teleportation (gained 1)
h - 4 scrolls of teleportation (gained 1)
You now have 178 gold pieces (gained 11).
You now have 185 gold pieces (gained 7).
Dowan, Brother of Duvessa comes into view.
He is wielding a +0 dagger.
Dowan shouts!
Duvessa, Sister of Dowan comes into view.
She is wielding a +0 short sword and wearing a +2 ring mail of poison resistance.
The blast of sand hits Dowan!
Dowan is heavily wounded.
The blast of sand hits Dowan!
Dowan is almost dead.
Dowan closely misses you.
The blast of sand hits Dowan!
You kill Dowan!
Vehumet accepts your kill.
Duvessa screams, "No!
How DARE you!"
Duvessa goes berserk!
Duvessa hits you with a +0 short sword!
Your Transmutations skill increases to level 3!
Your Earth Magic skill increases to level 5!
You have reached level 6!
Casting: Sandblast (safe; 1% risk of failure)
Confirm with . or Enter, or press ? or * to list all spells.
Aiming: Stone Arrow (quite dangerous; 14% risk of failure)
Press: ? - help, Shift-Dir - straight line, f - Duvessa
Aim: Duvessa, wielding a +0 short sword and wearing a +2 ring mail of poison resistance (berserk, 77% to hit)
The stone arrow hits Duvessa!!
Duvessa is moderately wounded.
Duvessa hits you with a +0 short sword!
* * * LOW HITPOINT WARNING * * *
Casting: Stone Arrow (quite dangerous; 14% risk of failure)
Confirm with . or Enter, or press ? or * to list all spells.
Aiming: Stone Arrow (quite dangerous; 14% risk of failure)
Press: ? - help, Shift-Dir - straight line, f/p - Duvessa
Aim: Duvessa, wielding a +0 short sword and wearing a +2 ring mail of poison resistance (moderately wounded, berserk, 77% to hit)
The stone arrow hits Duvessa.
Duvessa is moderately wounded.
Duvessa hits you with a +0 short sword.
You die...

#.).......##.#
#.##.#.#.###.#
#. #.#.#.# #.#
###
#.##.#.#.###.#
#..
............#
#.#
######.#####
#.# #.# #.#
#.# #e#
#.#######@#
#.........#
###########


You could see Duvessa (berserk).

Vanquished Creatures
  Dowan (D:4)
  Jessica (D:2)
  Terence (D:3)
  Robin (D:3)
  2 adders (D:2)
  3 dart slugs
  2 orcs (D:3)
  13 ball pythons
  8 bats
  4 endoplasms
  5 giant cockroaches
  16 goblins
  6 hobgoblins
  3 jackals (D:2)
  9 kobolds
  9 quokkas
  13 frilled lizards
  7 rats
104 creatures vanquished.

Vanquished Creatures (others)
  30 plants
30 creatures vanquished.

Grand Total: 134 creatures vanquished

Notes
Turn   | Place    | Note
-------+----------+-------------------------------------------
     0 | D:1      | Crownlay the Octopode Earth Elementalist began the quest
                  | for the Orb.
     0 | D:1      | Reached XP level 1. HP: 11/11 MP: 3/3
    74 | D:1      | Reached XP level 2. HP: 15/17 MP: 0/5
   699 | D:1      | Reached XP level 3. HP: 21/21 MP: 3/6
   979 | D:1      | Learned a level 3 spell: Stone Arrow
  1095 | D:2      | Found a bloodstained altar of Trog.
  1133 | D:2      | Noticed Jessica
  1138 | D:2      | Killed Jessica
  1139 | D:2      | Reached skill level 4 in Earth Magic
  1139 | D:2      | Reached XP level 4. HP: 27/27 MP: 4/7
  2032 | D:3      | Found a snail-covered altar of Cheibriados.
  2100 | D:3      | Reached XP level 5. HP: 31/31 MP: 7/9
  2137 | D:3      | Noticed Robin
  2152 | D:3      | Killed Robin
  2185 | D:3      | Noticed Terence
  2253 | D:3      | Killed Terence
  2464 | D:3      | Found a radiant altar of Vehumet.
  2465 | D:3      | Found a blossoming altar of Fedhas.
  2471 | D:3      | Found an ancient bone altar of Kikubaaqudgha.
  2476 | D:3      | Became a worshipper of Vehumet
  2479 | D:3      | Found a sparkling altar of Nemelex Xobeh.
  2480 | D:3      | Found a burning altar of Makhleb.
  2483 | D:3      | Found a hazy altar of Hepliaklqana.
  2484 | D:3      | Found a hide-covered altar of Uskayaw.
  2499 | D:3      | Found Liolarunla's Antique Armour Shop.
  3356 | D:4      | Noticed Dowan
  3357 | D:4      | Noticed Duvessa
  3360 | D:4      | Killed Dowan
  3361 | D:4      | Reached skill level 5 in Earth Magic
  3361 | D:4      | Reached XP level 6. HP: 19/36 MP: 6/10
  3362 | D:4      | Slain by Duvessa

Illustrated notes

Levels and vault maps discovered:
D:1:      matt_arrival_refuge, layout_loops_ring, nicolae_figureground_pulse
D:2:      layout_loops_cross, basic_altar, minmay_lizard_king, uniq_jessica
D:3:      wad_woods_stonehenge, layout_basic, minitemple, serial_forest,
          infiniplex_forest_clump_cross, infiniplex_forest_end_2,
          infiniplex_forest_zigzag_2, infiniplex_forest_lined_room_3,
          infiniplex_forest_straight_2, infiniplex_forest_corner_1,
          infiniplex_forest_lined_corner, serial_shops,
          nicolae_shop_advertising_works [nicolae_subvault_shop_adworks],
          uniq_terence, uniq_robin
D:4:      layout_loops_ring, uniq_duvessa

Skill      XL: |  1  2  3  4  5 |
---------------+----------------+-----
Transmutations | 2 3 |  3.0
Earth Magic    | 4 5 |  5.1
Spellcasting   | 3 |  3.2
Dodging        | |  2.0
Stealth        | |  2.6

Action                     |  1- 3 |  4- 6 || total
---------------------------+-------+-------++-------
  Melee: Unarmed           |     6 |    12 ||    18
         Constrict         |     3 |     8 ||    11
         Tentacles         |     1 |     6 ||     7
         Dagger            |       |    11 ||    11
   Cast: Sandblast         |    31 |    76 ||   107
         Stone Arrow       |       |     5 ||     5
    Use: Scroll            |       |     3 ||     3
   Stab: Distracted        |       |     1 ||     1
         Sleeping          |       |     1 ||     1
 Armour: Skin              |     4 |     3 ||     7
  Dodge: Dodged            |    14 |    31 ||    45

Table legend: (Time is in decaauts)
 A = Elapsed time spent in this place.
 B = Non-inter-level travel time spent in this place.
 C = Inter-level travel time spent in this place.
 D = Time resting spent in this place.
 E = Time spent auto-exploring this place.
 F = Levels seen in this place.
 G = Mean time per level.
                   A        B        C        D        E       F      G
               +--------+--------+--------+--------+--------+-----+--------+
         Total |   3414 |   3326 |     88 |      0 |   2831 |   4 |  853.5 |
       Dungeon |   3414 |   3326 |     88 |      0 |   2831 |   4 |  853.5 |
               +--------+--------+--------+--------+--------+-----+--------+

Top non-repeatable levels by time:
     D:3: 1424 daAuts
     D:1: 1030 daAuts
     D:2: 868 daAuts
     D:4: 90 daAuts
